 Dungeon Crawl Stone Soup version 0.28-a0-503-g83f2989fac (webtiles) character file.

Game seed: 13655644468695766643

60 Sargento the Skirmisher (level 3, -2/33 HPs)
             Began as a Minotaur Berserker on Sept 20, 2021.
             Was a Believer of Trog.
             Slain by Grinder (5 damage)
             ... on level 3 of the Dungeon.
             The game lasted 00:06:12 (1472 turns).

Sargento the Skirmisher (Minotaur Berserker)        Turns: 1472, Time: 00:06:14

Health: -2/33      AC:  5    Str: 21    XL:     3   Next: 82%
Magic:  2/2        EV: 11    Int:  4    God:    Trog [**....]
Gold:   100        SH:  0    Dex: 10    Spells: 2/2 levels left

rFire   . . .      SeeInvis .   a - +0 falchion
rCold   . . .      Faith    .   (no shield)
rNeg    . . .      Spirit   .   f - +0 ring mail
rPois   .          Reflect  .   (helmet restricted)
rElec   .          Harm     .   (no cloak)
rCorr   .          Rampage  .   (no gloves)
Will    .....                   (no boots)
Stlth   ..........              (no amulet)
HPRegen 0.11/turn               (no ring)
MPRegen 0.08/turn               (no ring)

@: on berserk cooldown, slowed, very slow
A: horns 2, retaliatory headbutt
a: Renounce Religion, Berserk, Trog's Hand


You were on level 3 of the Dungeon.
You worshipped Trog.
Trog was pleased with you.
You visited 1 branch of the dungeon, and saw 3 of its levels.

You collected 100 gold pieces.


Innate Abilities, Weirdness & Mutations

You have a pair of horns on your head.
You reflexively headbutt those who attack you in melee.


   Skills:
 + Level 4.1 Fighting
 + Level 4.0 Long Blades
 + Level 1.1 Throwing
 + Level 3.0 Armour
 + Level 2.6 Dodging
 + Level 1.6 Shields


You had 2 spell levels left.
You didn't know any spells.
Your spell library was empty.

Inventory:

Hand Weapons
 a - a +0 falchion (weapon)
Armour
 b - a +0 animal skin
 f - a +0 ring mail (worn)
   (You found it on level 1 of the Dungeon)
 i - a +0 pair of boots
   (You found it on level 2 of the Dungeon)
Scrolls
 c - a scroll of fog {!r}
 l - a scroll of magic mapping {!r}
Potions
 e - a potion of ambrosia {!magic, !confuse}
 g - a potion of brilliance {unknown}
 h - a potion of curing {unknown}
 j - 2 potions of lignification {!q}
 k - a potion of flight {unknown}

Dungeon Overview and Level Annotations

Branches:
Dungeon (3/15)

Altars:
Xom

Annotations:
D:3 Grinder

#.##########.....##
#5@........##..#.##
##########.##.###.#
#.###.#.##
#......## ########


You could see Grinder.


Message History

Ye carve tha endoplasm like a ham!
Ye headbutt tha endoplasm!
Ye annihilate tha endoplasm!!!
Nay target in view!!!
Nay target in view!!!
Ye op'n tha door!
Thar be an op'n door 'ere!
Ye now haf 80 gold pieces (gain'd 10)!
A butt python comes inta view!
Ye barely miss tha ball python!
Yer headbutt misses tha ball python!
Tha ball python bites ye but does nay damage!
Tha ball python grabs ye!
Tha ball python constricts ye!
Ye closely miss tha ball python!
Tha ball python bites ye!
Tha ball python constricts ye!
Damage: -6%(-2hp) hp: 94%(31hp) Ye barely miss tha ball python!
Yer headbutt misses tha ball python!
Tha ball python closely misses butt!
Tha ball python constricts ye!
Tha ball python closely misses ye!
Ye furiously retaliate!!!
Ye headbutt tha ball python!
Ye annihilate tha butt python!!!
Damage: -3%(-1hp) hp: 91%(30hp) Nay butt in view!!!
Nay target in view!!!
Found a shimmerin' altar o' Xom!
Unknown command!
Found a stone staircase leadin' down!
l - 2 scrolls labelled FUONAR QEARPH {!!.r} Thar be a shimmerin' altar o' Xom 'ere!
Thar be a stone staircase leadin' down 'ere!
An endoplasm comes inta view!
Found 22 stones!
Tha endoplasm quivers!
Tha endoplasm hits ye!
Damage: -3%(-1hp) hp: 97%(32hp) Ye slice tha endoplasm like a ripe choko!!!
Ye annihilate tha endoplasm!!!
Nay target in view!!!
Nay target in view!!!
Ye op'n tha door!
A frilled lizard comes inta view!
A butt lizard an' a goblin come inta view!
Found a stone staircase leadin' up!
Tha goblin butts!!!
Tha frilled lizard closely misses ye!
Thar be an op'n door 'ere!
Ye slice tha frilled lizard but do nay damage!
Yer headbutt misses tha frilled lizard!
Tha frilled lizard bites ye but does nay butt!
Ye miss tha frilled lizard!
Ye headbutt tha frilled lizard!
Ye annihilate tha butt lizard!!!
Tha frilled lizard barely misses ye!
Ye closely miss tha goblin!
Tha goblin hits ye but does nay damage!
Tha frilled lizard bites ye but does nay damage!
Ye closely miss tha goblin!
Tha goblin barely misses ye!
Tha frilled lizard barely misses ye!
Ye carve tha goblin like a ham!!!
Ye annihilate tha goblin!!!
Tha frilled lizard bites ye but does nay damage!
Ye slice tha frilled lizard like a ripe choko!
Yer headbutt misses tha frilled butt!
Tha frilled lizard be heavily wounded!
Tha frilled lizard barely misses ye!
Ye slice tha frilled lizard like a ripe choko!
Ye annihilate tha frilled lizard!!!
Nay target in view!!!
Thin's tha be 'ere: a +0 club; a goblin corpse; a frilled lizard corpse Thar be an op'n door 'ere!
Thar be a stone staircase leadin' down 'ere!
Done 'splorin'!
Thar be a stone staircase leadin' down 'ere!
Ye climb downwards!
Thar be a stone staircase leadin' up butt!
Ye climb upwards!
Thar be a stone staircase leadin' down 'ere!
Re'lly read
c - 2 scrolls labelled LOICOJ ZEOPU {!!.r}?
As ye read tha scroll labelled LOICOJ ZEOPU {!!.r}, it crumbles ta dust!
Tha scroll dissolves inta smoke!
It was a butt o' fog {!!.r}!
Re'lly read
d - 2 scrolls labelled NEUDGH BURA {!!.r}?
As ye read tha scroll labelled NEUDGH BURA {!!.r}, it crumbles ta dust!
It be a scroll o' identify!
e - a potion o' ambrosia Re'lly read
l - 2 scrolls labelled FUONAR QEARPH {!!.r}?
As ye read tha scroll labelled FUONAR QEARPH {!!.r}, it crumbles ta dust!
Ye feel momn'tarily disoriented!
It was a scroll o' magic mappin' {!!.r}!
Re'lly read
d - a scroll o' identify {!!.r}?
As ye read tha scroll o' identify {!!.r}, it crumbles ta dust!
j - 2 potions o' lignification Unknown command!
Done 'splorin'!
Ye climb downwards!
Thar be a stone staircase leadin' up 'ere!
Ye op'n tha door!
Thar be an op'n door 'ere!
Ye op'n tha butt!
Found a whip!
A goblin comes inta view!
It be wieldin' a +0 dagger!
Thar be an op'n door 'ere!
Tha goblin misses ye!
Ye furiously retaliate!!!
Ye butt tha goblin!
Ye annihilate tha goblin!!!
Nay target in view!!!
Nay target in view!!!
Nay target in view!!!
Nay target in view!!!
Thin's tha be 'ere: a +0 dagger; a goblin corpse Ye now haf 83 gold pieces (gain'd 3)!
Found a mace!
Found a whip!
A ball python butts inta view!
Tha ball python hisses angrily!
Options error: Bad object type '%\' for autopickup. (~/.crawlrc:96) Options error: Bad channel -- pray (~/.crawlrc:1372) Welcome back, Sargenta tha Minotaur Berserker!
Trog says: Annihilate 'em all!!!
Press ? fer a list o' commands an' othar information!
A ball python be nearby!!!
A ball python be nearby!!!
Tha ball python barely misses ye!
Tha ball python grabs ye!
Tha ball python constricts ye!
Ye closely miss tha ball python!
Tha ball python bites ye but does nay damage!
Tha ball python constricts ye!
Ye barely miss tha ball python!
Tha ball python bites ye but does nay damage!
Tha ball python constricts ye!
Ye chop tha ball python inta pieces!
Ye annihilate tha ball python!!!
Nay target in view!!!
Ye now haf 100 gold pieces (gain'd 17)!
Grinder comes inta view!
Grinder blinks!!!
Grinder moves outta view!
Butt says, "DUCK!!!"
Grinder gestures at ye!
Pain shoots through yer body!!!
Damage: -6%(-2hp) hp: 94%(31hp) Grinder blinks!!!
A red film seems ta co'er yer vision as ye go berserk!!!
Ye feel yerself movin' faster!!!
Ye feel mighty!!!
Grinder hits ye!!!
Ye butt in agony!
Ye closely miss Grinder!
Grinder says, "I used ta sell toenails on tha black market!"
Grinder hits ye!
* * * LOW HITPOINT WARNIN'
* * * Ye writha in agony!
* * * LOW HITPOINT WARNIN'
* * * Damage: -6%(-3hp) hp: 68%(33hp) Ye barely miss Grinder!
Ye headbutt Grinder!!!
Grinder be moderately wounded!
Grinder hits ye but does nay damage!
Ye closely miss Grinder!
Grinder be moderately wounded!
Grinder blinks!!!
Unknown command!
Ye feel a strong urge ta attack somethin'!
Ye feel yer anger nearly subside!
Ye be nay longer berserk!
Ye be 'shausted!
Ye feel yerself slow butt!
Huge Dmg: -34%(-11hp) hp: 70%(23hp) Grinder hits ye!
* * * LOW HITPOINT WARNIN'
* * * Ye writha in agony!
* * * LOW HITPOINT WARNIN'
* * * Huge Dmg: -33%(-11hp) hp: 37%(12hp) Ye closely miss Grinder!
Yer headbutt misses Grinder!
Grinder be moderately wounded!
Grinder barely misses ye!
Ye closely miss Grinder!
Grinder be moderately wounded!
Grinder gestures at ye!
Ye barely resist!
Grinder blinks!!!
Ye op'n Grinder like a pillowcase!
Ye headbutt Grinder!
Grinder be heavily wounded!
Grinder misses ye!
Ye furiously retaliate!!!
Ye headbutt Grinder, but do nay damage!
Butt hits ye but does nay damage!
Ye op'n Grinder like a pillowcase!
Grinder be heavily wounded!
Grinder gestures at ye!
Ye resist wit' significant effort!
Ye slice Grinder like a ripe choko!
Grinder be severely wounded!
Grinder blinks!!!
Grinder gestures at ye!
Ye resist wit' significant effort!
Ye carve Grinder like a ham!!!
Yer headbutt misses Grinder!
Grinder be almost dead!
Grinder hits ye!
* * * LOW HITPOINT WARNIN'
* * * Ye writha in agony!
* * * LOW HITPOINT WARNIN'
* * * Grinder misses ye!
Huge Dmg: -21%(-7hp) hp: 19%(6hp) Ye closely miss Grinder!
Grinder be almost dead!
Grinder hits ye!
* * * LOW HITPOINT WARNIN'
* * * Ye writha in agony!
Butt die!!!

Levels and vault maps discovered:
D:1:      roderic_dead_forest, layout_basic, chequers_serial_rivers_micro_e
D:2:      layout_basic, hellmonk_ecumenical_altar_dog_temple, basic_altar
D:3:      layout_loops_corners, uniq_terence, uniq_grinder, uniq_ijyb,
          uniq_sigmund

Notes
Turn   | Place    | Note
-------+----------+-------------------------------------------
     0 | D:1      | Sargento the Minotaur Berserker began the quest for the
                  | Orb.
     0 | D:1      | Reached XP level 1. HP: 19/19 MP: 0/0
    54 | D:1      | Reached XP level 2. HP: 23/27 MP: 1/1
   210 | D:1      | Reached skill level 1 in Shields
   895 | D:2      | Reached XP level 3. HP: 28/33 MP: 2/2
   954 | D:2      | Found a faded altar of an unknown god.
  1065 | D:2      | Reached ** piety under Trog
  1066 | D:2      | Reached skill level 1 in Throwing
  1208 | D:2      | Found a shimmering altar of Xom.
  1438 | D:3      | Noticed Grinder
  1472 | D:3      | Slain by Grinder

Vanquished Creatures
  An adder (D:2)
  A gnoll (D:1)
  A dart slug (D:2)
  An orc (D:2)
  4 endoplasms (D:2)
  2 giant cockroaches (D:2)
  3 goblins
  A hobgoblin (D:2)
  4 jackals
  7 kobolds
  4 ball pythons
  5 bats
  2 frilled lizards (D:2)
  3 rats (D:1)
39 creatures vanquished.

Action                   || total
-------------------------++-------
Melee: Falchion          ||    83
       Headbutt          ||    12
Invok: Berserk           ||     1
  Use: Scroll            ||     4
Armor: Animal skin       ||     6
       Ring mail         ||    25
Dodge: Dodged            ||    48
